Map: 프록시마 정거장 - 래더

Players

jjakji

  • Race: Terran Terran
  • Spawn Location: 1:00

aLive - Winner!

  • Race: Terran Terran
  • Spawn Location: 7:00

Event: IEM XI Katowice - World Championship 2017

VOD

Have the link to the VOD?

Description

Time

  • Played on: March 2, 2017, 1:25 a.m.
  • Length: 5:28

All games in this series

Show
View Real Time Build Order
Export as new Build Order

jjakji Terran 

Build Orders: 1/1/1, Cyclone Opening 

Get SALT Encoding   

  12  0:00  SCV  
  13  0:13  SCV  
  14  0:18  Supply Depot  
  14  0:25  SCV  
  14  0:27  Refinery  
  15  0:39  SCV  
  16  0:44  Barracks  
  16  0:51  SCV  
  16  0:55  Refinery  
  17  1:03  SCV  
  18  1:16  SCV  
  19  1:31  Reaper, Orbital Command  
  20  1:36  Factory  
  20  1:56  SCV  
  20  1:57  Supply Depot  
  21  2:03  Reaper  
  22  2:08  SCV  
  23  2:21  SCV  
  23  2:22  Hellion  
  26  2:25  Starport  
  26  2:33  SCV  
  27  2:41  Supply Depot  
  27  2:43  Cyclone  
  30  2:45  SCV  
  31  3:01  Starport Tech Lab  
  31  3:03  SCV  
  31  3:15  Widow Mine, SCV, Barracks Reactor  
  31  3:18  Cloaking Field  
  31  3:19  Banshee  
  37  3:24  Supply Depot  
  37  3:27  SCV  
  38  3:39  SCV  
  39  3:48  Factory Tech Lab, Command Center  
  39  3:51  Marine, SCV  
  39  3:54  Marine  
  37  4:28  Banshee  
  37  4:30  Marine  
  38  4:38  SCV  
  31  4:43  Siege Tank  
  31  4:45  Marine  
  35  4:48  Marine  
  35  4:50  Supply Depot  
  36  4:59  Supply Depot  
Show
View Real Time Build Order
Export as new Build Order

aLive Terran - Winner!

Build Orders: 1/1/1, Widow Mine Drop 

Get SALT Encoding   

  12  0:00  SCV  
  13  0:12  SCV  
  14  0:17  Supply Depot  
  14  0:24  SCV  
  15  0:39  SCV  
  15  0:41  Barracks  
  16  0:45  Refinery  
  16  0:51  SCV  
  16  0:54  Refinery  
  17  1:03  SCV  
  18  1:15  SCV  
  19  1:28  Marine  
  19  1:30  Orbital Command  
  20  1:35  Factory  
  20  1:46  Marine  
  21  1:54  Supply Depot  
  21  1:59  SCV  
  22  2:04  Barracks Reactor  
  22  2:11  SCV  
  22  2:18  Starport  
  22  2:20  Widow Mine  
  24  2:25  SCV  
  25  2:38  SCV  
  25  2:39  Supply Depot  
  25  2:41  Marine x2  
  28  2:51  SCV  
  29  2:54  Medivac  
  31  3:00  Cyclone  
  31  3:02  Marine  
  35  3:05  Marine  
  35  3:11  Supply Depot  
  36  3:14  SCV  
  37  3:24  Viking  
  39  3:32  Marine x2  
  39  3:33  SCV  
  42  3:38  Cyclone  
  45  3:45  SCV  
  45  3:46  Supply Depot  
  46  4:04  Starport Tech Lab  
  46  4:16  SCV, Command Center  
  47  4:22  Raven  
  49  4:28  SCV  
  47  4:38  Marine  
  47  4:39  Marine  
  47  4:40  SCV  
  47  4:42  Factory Tech Lab  
  47  4:44  Supply Depot  
  50  4:56  Marine x2  
  50  4:57  SCV  

Tags
 
Add a new tag
Caveats
  • Supply blocks, unpowered buildings, or Contaminate may cause inaccurate times.
  • Supply counts are checked every 10 seconds.